 Dungeon Crawl Stone Soup version 0.31-a0-851-g7ff8af7 (webtiles) character file.

Game seed: 11836890811328807319

402 steven32 the Chopper (level 6, -2/53 HPs)
             Began as a Minotaur Hunter on Oct 6, 2023.
             Slain by Edmund
             ... wielding a +1 dire flail of venom
              (4 damage)
             ... on level 4 of the Dungeon.
             The game lasted 00:12:14 (5285 turns).

steven32 the Chopper (Minotaur Hunter)              Turns: 5285, Time: 00:12:14

Health: -2/53      AC: 14    Str: 20    XL:     6   Next: 55%
Magic:  5/5        EV:  4    Int:  5    God:
Gold:   195        SH:  0    Dex: 14    Spells: 5/5 levels left

rFire   . . .        n - +0 hand axe
rCold   . . .        (no shield)
rNeg    . . .        b - +0 crystal plate armour
rPois   .            (helmet restricted)
rElec   .            (no cloak)
rCorr   .            (no gloves)
SInv    .            (no boots)
Will    .....        (no amulet) Stlth
                     (no ring)
HPRegen 0.28/turn    (no ring)
MPRegen 0.09/turn

%: no passive effects
@: mighty, lethally poisoned (-2 -> -21)
A: horns 2, retaliatory headbutt, deterioration 1, strong 1, sturdy frame 1
a: no special abilities


You were on level 4 of the Dungeon.
You visited 1 branch of the dungeon, and saw 4 of its levels.

You collected 195 gold pieces.

Inventory:

Hand Weapons
 a - a +0 shortbow
 n - a +0 hand axe (weapon)
Missiles
 q - 16 poisoned darts
 r - 6 boomerangs
Armour
 b - a +0 crystal plate armour (worn)
 c - a +0 leather armour
 m - a +0 scale mail
Scrolls
 e - a scroll of amnesia {unknown}
 f - a scroll of enchant weapon {unknown}
 g - a scroll of poison {unknown}
 h - a scroll of fog {unknown}
 i - 2 scrolls of vulnerability
 j - a scroll of fear {unknown}
 l - a scroll of revelation
 o - a scroll of noise {unknown}
 p - a scroll of torment
Potions
 k - a potion of might
 s - a potion of heal wounds {unknown}
 t - a potion of curing {unknown}


   Skills:
 + Level 4.5 Fighting
 * Level 5.8 Axes
 - Level 5.5 Ranged Weapons
 - Level 2.1 Dodging
 - Level 1.1 Stealth


You had 5 spell levels left.
You didn't know any spells.
Your spell library was empty.

Dungeon Overview and Level Annotations

Branches:
Dungeon (4/15) Zot: 18658
 Temple: D:4-7

Altars:
Trog

Annotations:
D:2 1 runed translucent door, Crazy Yiuf
D:4 Edmund


Innate Abilities, Weirdness & Mutations

You have a pair of horns on your head.
You reflexively headbutt those who attack you in melee.
Your body sometimes deteriorates upon taking damage.
Your muscles are strong. (Str +4, Int/Dex -1)
Your movements are slightly less encumbered by armour. (ER -2)


Message History

You shoot an arrow. The gnoll shouts!
The arrow hits the gnoll.
You kill the gnoll!
A gnoll comes into view. It is wielding a +0 whip.
A ball python comes into view.
Unknown command.
You shoot an arrow. The ball python hisses angrily.
The gnoll shouts!
The arrow hits the gnoll.
The gnoll is lightly wounded.
You shoot an arrow. The arrow hits the gnoll!
The gnoll is almost dead.
You shoot an arrow. The arrow barely misses the gnoll.
The gnoll throws a throwing net.
The throwing net hits you.
You become entangled in the net!
You tear a large gash into the net.
The gnoll barely misses you.
You struggle against the net.
The gnoll hits you from afar with a +0 spear.
You take 3 damage, and have 38/41 hp.
You struggle against the net.
The ball python barely misses you. The ball python grabs you.
The ball python constricts you. The gnoll hits you with a +0 flail!
The gnoll hits you from afar with a +0 spear.
You take 12 damage, and have 26/41 hp.
MASSIVE DAMAGE!!
Unknown command.
As you read the scroll labelled JAMYSO EJOA, it crumbles to dust.
It is a scroll of identify.
e - 2 scrolls of blinking The ball python bites you.
The ball python constricts you. The gnoll barely misses you.
The gnoll hits you with a +0 whip.
The gnoll hits you from afar with a +0 spear.
You take 10 damage, and have 16/41 hp.
MASSIVE DAMAGE!!
Okay, then.
Unknown command.
Blink to where?
Press: ? - help, Dir - move target, p - gnoll You escape the ball python's grasp.
Found a stone staircase leading down.
As you read the scroll of blinking, it crumbles to dust.
Found a stone staircase leading up.
There is a stone staircase leading up here.
You climb upwards.
Level annotation: 1 runed translucent door, Crazy Yiuf
There is a stone staircase leading down here.
You start resting.
You start resting.
HP restored.
Health restored: 41 Unknown command.
There is a stone staircase leading down here.
You climb downwards.
There is a stone staircase leading up here.
You start waiting.
A sleepcap is nearby!
There is a stone staircase leading up here.
You shoot an arrow. The arrow hits the sleepcap.
The sleepcap is moderately damaged.
You shoot an arrow.
The arrow hits the sleepcap but does no damage.
The sleepcap is moderately damaged.
You shoot an arrow. The arrow hits the sleepcap.
The sleepcap is moderately damaged.
You shoot an arrow. The arrow hits the sleepcap.
The sleepcap is heavily damaged.
You shoot an arrow. The arrow hits the sleepcap.
The sleepcap is heavily damaged.
The sleepcap releases spores at you.
You take 6 damage, and have 35/41 hp.
You shoot an arrow. The arrow hits the sleepcap.
The sleepcap is heavily damaged.
The sleepcap releases spores at you!
You are engulfed in a cloud of soporific spores!
You fall asleep.
The sleepcap releases spores at you!!
You wake up.
Ouch! That really hurt!
* * * LOW HITPOINT WARNING * * *
You take 27 damage, and have 8/41 hp.
MASSIVE DAMAGE!!
Unknown command.
Unknown command.
The sleepcap attacks as it pursues you! The sleepcap barely misses you.
Blink to where?
Press: ? - help, Dir - move target, p - sleepcap
As you read the scroll of blinking, it crumbles to dust.
There is a stone staircase leading down here.
You see here a +0 club.
There is a stone staircase leading up, spattered with blood here.
You climb upwards.
Level annotation: 1 runed translucent door, Crazy Yiuf
There is a stone staircase leading down here.
You see here 7 stones.
There is a stone staircase leading down here.
You regained 8 hp, and now have 22/41 hp.
You start resting.
HP restored.
Health restored: 41 Unknown command.
Unknown command.
You climb downwards.
There is a stone staircase leading up, spattered with blood here.
You start waiting.
A ball python is nearby!
You shoot an arrow.
The arrow closely misses the ball python.
You shoot an arrow.
The arrow hits the ball python but does no damage.
You shoot an arrow. The arrow hits the ball python.
You kill the ball python!
No target in view!
You start waiting.
A gnoll is nearby!
You shoot an arrow. The arrow hits the gnoll!
The gnoll is severely wounded.
You shoot an arrow. The arrow hits the gnoll.
You kill the gnoll!
You have reached level 5!
Health restored: 47; MP restored: 4 Unknown command.
You start waiting.
A gnoll is nearby!
You shoot an arrow. The gnoll shouts!
The arrow hits the gnoll.
The gnoll is lightly wounded.
You hear a shout!
You shoot an arrow.
The arrow hits the gnoll but does no damage.
The gnoll is lightly wounded.
You shoot an arrow.
The arrow hits the gnoll but does no damage.
The gnoll is lightly wounded.
You shoot an arrow. The arrow hits the gnoll.
The gnoll is moderately wounded.
You shoot an arrow. The arrow hits the gnoll.
The gnoll is heavily wounded.
The gnoll hits you with a +0 whip.
You climb upwards.
Level annotation: 1 runed translucent door, Crazy Yiuf
There is a stone staircase leading down here.
You take 6 damage, and have 41/47 hp.
You shoot an arrow. The arrow hits the gnoll.
The gnoll is severely wounded.
The gnoll hits you but does no damage.
You shoot an arrow. The arrow closely misses the gnoll.
The gnoll misses you. You furiously retaliate!
You headbutt the gnoll!
You kill the gnoll!
Your Axes skill increases to level 2!
No target in view!
You start resting.
HP restored.
Health restored: 47 You start waiting.
Done waiting.
There is an open door here.
There is a stone staircase leading down here.
Unknown command.
You climb downwards.
There is a stone staircase leading up here.
You start waiting.
A gnoll is nearby!
You shoot an arrow. The arrow hits the gnoll.
The gnoll is moderately wounded.
You shoot an arrow. The arrow hits the gnoll.
The gnoll is severely wounded.
You shoot an arrow. The arrow hits the gnoll.
The gnoll is almost dead.
You shoot an arrow. The arrow closely misses the gnoll.
You shoot an arrow. The arrow hits the gnoll.
You kill the gnoll!
No target in view!
You now have 143 gold pieces (gained 13).
A hobgoblin comes into view.
You shoot an arrow. The hobgoblin shouts!
The arrow hits the hobgoblin.
The hobgoblin is heavily wounded.
No target in view!
A hobgoblin is nearby!
You shoot an arrow. The arrow hits the hobgoblin.
The hobgoblin is almost dead.
The hobgoblin barely misses you.
The hobgoblin hits you but does no damage.
You shoot an arrow. The arrow barely misses the hobgoblin.
The hobgoblin hits you.
You take 4 damage, and have 43/47 hp.
You shoot an arrow.
The arrow hits the hobgoblin but does no damage.
The hobgoblin is almost dead.
The hobgoblin misses you.
You shoot an arrow.
The arrow hits the hobgoblin but does no damage.
The hobgoblin is almost dead.
The hobgoblin hits you but does no damage.
You shoot an arrow. The arrow hits the hobgoblin.
You kill the hobgoblin!
HP restored.
You now have 153 gold pieces (gained 10).
You see here a hobgoblin corpse.
You see here a +0 whip.
p - 2 scrolls labelled QIMULO BESUHYWK (gained 1)
A hobgoblin comes into view.
Health restored: 47 You shoot an arrow.
The arrow hits the hobgoblin.
You kill the hobgoblin!
No target in view!
A kobold comes into view.
It is wielding a +0 short sword and quivering poisoned darts.
Unknown command.
You shoot an arrow.
The arrow hits the kobold but does no damage.
The kobold shouts!
The kobold throws a poisoned dart.
The poisoned dart hits you.
You are poisoned.
You shoot an arrow. The arrow barely misses the kobold.
You feel sick.
You take 2 damage, and have 45/47 hp.
You shoot an arrow. The arrow hits the kobold.
You kill the kobold!
You feel sick.
You take 1 damage, and have 44/47 hp.
You feel sick.
You feel sick.
You feel sick.
You are no longer poisoned.
An orc comes into view. It is wielding a +0 dagger.
Found a scroll labelled DACWOE XURO.
Health restored: 47 You shoot an arrow.
The orc shouts!
The arrow hits the orc but does no damage.
You shoot an arrow.
The arrow hits the orc but does no damage.
You shoot an arrow. The arrow hits the orc.
The orc is moderately wounded.
You shoot an arrow. The arrow hits the orc.
The orc is heavily wounded.
You shoot an arrow. The arrow hits the orc.
You kill the orc!
You hear a shout! x3 2 orcs come into view.
Found a mace.
The orc shouts! x2
Things that are here:
a +0 dagger; a +0 ring mail; an orc corpse You shoot an arrow.
The arrow closely misses the orc.
An orc comes into view. It is wielding a +0 club.
The orc hits you with a +0 club.
You take 1 damage, and have 46/47 hp.
You shoot an arrow. The arrow closely misses the orc.
The orc closely misses you. You furiously retaliate!
You headbutt the orc. You shoot an arrow. The arrow closely misses the orc.
An orc priest comes into view. It is wielding a +0 hand axe.
The orc hits you with a +0 club.
You take 3 damage, and have 43/47 hp.
You shoot an arrow. The orc priest shouts!
The arrow hits the orc!
You kill the orc!
The orc priest looks encouraged for a moment.
The orc attacks as it pursues you! The orc hits you but does no damage.
The orc attacks as it pursues you! The orc closely misses you.
You furiously retaliate!
You headbutt the orc, but do no damage. The orc attacks as it pursues you!
The orc hits you with a +0 short sword. The orc attacks as it pursues you!
The orc hits you with a +0 short sword.
You take 3 damage, and have 42/47 hp.
The orc attacks as it pursues you! The orc hits you but does no damage.
The orc attacks as it pursues you! The orc hits you with a +0 short sword.
You take 4 damage, and have 39/47 hp.
The orc attacks as it pursues you! The orc barely misses you.
The orc attacks as it pursues you! The orc barely misses you.
You furiously retaliate!
You headbutt the orc!
You kill the orc!
There is a stone staircase leading up, spattered with blood here.
You shoot an arrow. The arrow hits the orc.
The orc is severely wounded.
You shoot an arrow. The arrow hits the orc!
You kill the orc!
You shoot an arrow. The arrow hits the orc priest.
The orc priest is lightly wounded.
You shoot an arrow.
The arrow hits the orc priest but does no damage.
The orc priest is lightly wounded.
You climb upwards.
Level annotation: 1 runed translucent door, Crazy Yiuf
There is a stone staircase leading down here.
HP restored.
You see here 7 stones.
There is a stone staircase leading down here.
Health restored: 47 You start waiting.
Done waiting.
You climb downwards.
There is a stone staircase leading up, spattered with blood here.
You start waiting.
A sleepcap is nearby!
You shoot an arrow.
The arrow hits the sleepcap but does no damage.
You shoot an arrow.
The arrow hits the sleepcap but does no damage.
You shoot an arrow. The arrow hits the sleepcap.
The sleepcap is moderately damaged.
You climb upwards.
Level annotation: 1 runed translucent door, Crazy Yiuf
There is a stone staircase leading down here.
You see here 7 stones.
Things that are here:
a +0 whip; a gnoll skeleton
There is a stone staircase leading down here.
Okay, then.
n - a +0 hand axe (weapon)
Your movement speed is average.
Your attack delay is about 1.1.
Your damage rating with your +0 hand axe is about 9 (Base 7 x 115% (Str) x 112% (Skill)).
Okay, then.
You start removing your armour.
You continue taking off your +0 leather armour. x4
You finish taking off your +0 leather armour.
You start putting on your armour.
You continue putting on your +0 scale mail. x5
You finish putting on your +0 scale mail.
You climb downwards.
The orc priest shouts!
The orc priest looks encouraged for a moment.
There is a stone staircase leading up, spattered with blood here.
You hit the orc priest.
The orc priest is moderately wounded.
The orc priest hits you but does no damage.
You hit the orc priest.
The orc priest is moderately wounded.
The orc priest closely misses you.
You hit the orc priest.
The orc priest is heavily wounded.
The orc priest calls down the wrath of Beogh upon you.
Beogh smites you!
You take 11 damage, and have 36/47 hp.
MASSIVE DAMAGE!!
You slash the orc priest!
You kill the orc priest!
Your Axes skill increases to level 3!
No target in view!
You start resting.
You start resting.
HP restored.
Health restored: 47
Things that are here:
a +0 hand axe; an orc corpse
e - a scroll labelled DACWOE XURO
Things that are here:
5 poisoned darts; a +0 short sword
q - 5 poisoned darts You see here a +0 short sword.
Things that are here:
a +0 ring mail; a +0 dagger; an orc skeleton
There is an abandoned shop here.
There is a dry fountain here.
q - 10 poisoned darts (gained 5)
A bat comes into view.
Found a stone staircase leading down.
The bat hits you but does no damage.
You hit the bat.
You kill the bat!
No target in view!
You see here a bat corpse.
A sleepcap is nearby!
A sleepcap is nearby!
You enter a teleport trap!
The teleport trap disappears.
Your surroundings suddenly seem different.
The kobold shouts!
The kobold hits you with a +0 whip.
You take 3 damage, and have 44/47 hp.
You hit the kobold but do no damage. The kobold hits you but does no damage.
You hit the kobold.
You kill the kobold!
No target in view!
You start removing your armour.
You continue taking off your +0 scale mail. x4
You finish taking off your +0 scale mail.
You start putting on your armour.
You continue putting on your +0 crystal plate armour. x5
You finish putting on your +0 crystal plate armour.
Health restored: 47
Okay, then.
q - 12 poisoned darts (gained 2)
You see here a +0 whip.
Done exploring.
Done exploring.
You see here a +0 club.
You see here a +0 club.
There is a stone staircase leading up, spattered with blood here.
You start waiting.
A sleepcap is nearby!
Throw: 12 darts (poison)
Press: ? - help, Shift-Dir - straight line, f - sleepcap
Aim: a sleepcap (wandering, hasn't noticed you, 98% to hit)
Okay, then.
Throw: 12 darts (poison)
Press: ? - help, Shift-Dir - straight line, f - sleepcap
Aim: a sleepcap (wandering, hasn't noticed you, 98% to hit)
You throw a poisoned dart. The poisoned dart hits the sleepcap.
The sleepcap is poisoned.
You don't have any such object.
Fire/throw/use which item? ([*] to toss any item) (? for menu, Esc to quit)
You don't have any such object.
Fire/throw/use which item? ([*] to toss any item) (? for menu, Esc to quit)
Throw: 11 darts (poison)
Press: ? - help, Shift-Dir - straight line, f/p - sleepcap
Aim: a sleepcap (poisoned, 98% to hit)
You throw a poisoned dart. The poisoned dart hits the sleepcap.
Throw: 10 darts (poison)
Press: ? - help, Shift-Dir - straight line, f/p - sleepcap
Aim: a sleepcap (poisoned, 98% to hit)
You throw a poisoned dart. The poisoned dart hits the sleepcap.
Throw: 9 darts (poison)
Press: ? - help, Shift-Dir - straight line, f/p - sleepcap
Aim: a sleepcap (lightly damaged, poisoned, 98% to hit)
You throw a poisoned dart. The poisoned dart hits the sleepcap.
The sleepcap is lightly damaged.
There is a stone staircase leading down here.
You see here a +0 club.
You see here a poisoned dart.
You see here a poisoned dart.
There is a stone staircase leading up, spattered with blood here.
You climb upwards.
Level annotation: 1 runed translucent door, Crazy Yiuf
There is a stone staircase leading down here.
You see here 7 stones.
You see here a +0 whip.
There is a stone staircase leading down here.
You climb downwards.
There is a stone staircase leading up, spattered with blood here.
A sleepcap is nearby!
Throw: 8 darts (poison)
Press: ? - help, Shift-Dir - straight line, f - sleepcap
Aim: a sleepcap (wandering, hasn't noticed you, 98% to hit)
You throw a poisoned dart. The poisoned dart hits the sleepcap.
Throw: 7 darts (poison)
Press: ? - help, Shift-Dir - straight line, f/p - sleepcap
Aim: a sleepcap (98% to hit)
You throw a poisoned dart. The poisoned dart hits the sleepcap.
Throw: 6 darts (poison)
Press: ? - help, Shift-Dir - straight line, f/p - sleepcap
Aim: a sleepcap (98% to hit)
You throw a poisoned dart. The poisoned dart hits the sleepcap.
Throw: 5 darts (poison)
Press: ? - help, Shift-Dir - straight line, f/p - sleepcap
Aim: a sleepcap (98% to hit)
You throw a poisoned dart. The poisoned dart hits the sleepcap.
Throw: 4 darts (poison)
Press: ? - help, Shift-Dir - straight line, f/p - sleepcap
Aim: a sleepcap (98% to hit)
You throw a poisoned dart. The poisoned dart hits the sleepcap.
Throw: 3 darts (poison)
Press: ? - help, Shift-Dir - straight line, f/p - sleepcap
Aim: a sleepcap (98% to hit)
You throw a poisoned dart. The poisoned dart hits the sleepcap.
The sleepcap is poisoned.
You don't have any such object.
Fire/throw/use which item? ([*] to toss any item) (? for menu, Esc to quit)
Okay, then.
Throw: 2 darts (poison)
Press: ? - help, Shift-Dir - straight line, f/p - sleepcap
Aim: a sleepcap (moderately damaged, poisoned, 98% to hit)
You throw a poisoned dart. The poisoned dart hits the sleepcap.
The sleepcap is moderately damaged.
The sleepcap looks more healthy.
Throw: dart (poison)
Press: ? - help, Shift-Dir - straight line, f/p - sleepcap
Aim: a sleepcap (moderately damaged, 98% to hit)
You throw a poisoned dart. The poisoned dart hits the sleepcap.
The sleepcap is moderately damaged.
The sleepcap attacks as it pursues you!
The sleepcap releases spores at you but does no damage.
The sleepcap attacks as it pursues you!
The sleepcap releases spores at you but does no damage.
There is a stone staircase leading up, spattered with blood here.
You have nothing you can fire or use right now.
Okay, then.
Okay, then.
As you read the scroll of identify, it crumbles to dust.
i - 2 scrolls of vulnerability You aren't carrying any items that you can evoke.
Okay, then.
You hit the sleepcap but do no damage.
The sleepcap is moderately damaged.
The sleepcap releases spores at you but does no damage. x2
You hit the sleepcap.
The sleepcap is heavily damaged.
The sleepcap releases spores at you but does no damage.
You hit the sleepcap.
The sleepcap is heavily damaged.
The sleepcap releases spores at you but does no damage.
You hit the sleepcap but do no damage. You headbutt the sleepcap!
The sleepcap is severely damaged.
The sleepcap releases spores at you but does no damage.
You hit the sleepcap but do no damage. You headbutt the sleepcap.
The sleepcap is almost destroyed.
The sleepcap releases spores at you but does no damage.
You hit the sleepcap but do no damage.
You headbutt the sleepcap, but do no damage.
The sleepcap is almost destroyed.
The sleepcap releases spores at you.
You take 3 damage, and have 44/47 hp.
You hit the sleepcap. You headbutt the sleepcap.
You destroy the sleepcap!
Your Axes skill increases to level 4!
HP restored.
q - a poisoned dart
q - 2 poisoned darts (gained 1)
q - 3 poisoned darts (gained 1)
q - 4 poisoned darts (gained 1)
q - 5 poisoned darts (gained 1)
q - 6 poisoned darts (gained 1)
q - 7 poisoned darts (gained 1)
q - 8 poisoned darts (gained 1) Key pressed, stopping explore.
q - 9 poisoned darts (gained 1)
q - 10 poisoned darts (gained 1)
q - 11 poisoned darts (gained 1) Done exploring.
Health restored: 47 Done exploring.
Done exploring.
Done exploring.
There is a stone staircase leading down here.
You climb downwards.
The hobgoblin shouts!
Found 11 gold pieces.
There is a stone staircase leading up here.
A hobgoblin is nearby!
Found 8 gold pieces.
You barely miss the hobgoblin. Your headbutt misses the hobgoblin.
The hobgoblin hits you.
You take 3 damage, and have 44/47 hp.
You barely miss the hobgoblin.
The hobgoblin hits you but does no damage.
You hit the hobgoblin.
You kill the hobgoblin!
No target in view!
No target in view!
Your movement speed is average.
Your attack delay is about 1.1.
Your damage rating with your +0 hand axe is about 9 (Base 7 x 115% (Str) x 116% (Skill)).
Unknown command.
HP restored.
You now have 164 gold pieces (gained 11).
You now have 172 gold pieces (gained 8).
Found 6 boomerangs.
Health restored: 47 You see here 6 boomerangs.
h - a scroll labelled XOIFULE BIOWNY You now have 183 gold pieces (gained 11).
An orc comes into view. It is wielding a +0 club.
The orc shouts!
You hit the orc. You headbutt the orc.
The orc is heavily wounded.
The orc hits you with a +0 club.
You take 1 damage, and have 46/47 hp.
You hit the orc but do no damage.
The orc is heavily wounded.
The orc hits you but does no damage.
You slash the orc!
You kill the orc!
No target in view!
Search for what [Enter for "axe", or ? for help]? boomer You see here 6 boomerangs.
Health restored: 47
r - 6 boomerangs
s - a fuming green potion
Found a stone staircase leading up.
There is a stone staircase leading up here.
There is a stone staircase leading up here.
You hear a distant slurping noise.
A scorpion comes into view.
Throw: 11 darts (poison)
Press: ? - help, Shift-Dir - straight line, f - scorpion
Aim: a scorpion (57% to hit)
You throw a poisoned dart. The poisoned dart hits the scorpion.
The scorpion is poisoned.
Throw: 10 darts (poison)
Press: ? - help, Shift-Dir - straight line, f/p - scorpion
Aim: a scorpion (lightly wounded, poisoned, 57% to hit)
You throw a poisoned dart.
The poisoned dart barely misses the scorpion.
The scorpion stings you but does no damage.
Throw: 9 darts (poison)
Press: ? - help, Shift-Dir - straight line, f/p - scorpion
Aim: a scorpion (moderately wounded, poisoned, 57% to hit)
You throw a poisoned dart. The poisoned dart hits the scorpion.
The scorpion is moderately wounded.
The scorpion stings you.
You are poisoned.
The scorpion poisons you!
You take 4 damage, and have 43/47 hp.
You slash the scorpion!
The scorpion is severely wounded.
You feel very sick. The scorpion stings you.
The scorpion stings you but does no damage.
You take 5 damage, and have 38/47 hp.
You hit the scorpion.
You kill the scorpion!
You feel very sick.
You have reached level 6!
You regained 2 hp, and now have 40/53 hp.
MP restored: 5 You feel sick.
You feel sick.
You feel sick.
You feel sick.
You feel sick.
You feel sick.
You feel sick.
You feel sick.
You are no longer poisoned.
q - 10 poisoned darts (gained 2)
q - 11 poisoned darts (gained 1)
You open the door.
Edmund and a hobgoblin come into view.
Edmund is wielding a +1 dire flail of venom.
Edmund shouts!
The hobgoblin shouts!
Health restored: 53 Unknown command.
The hobgoblin attacks as it pursues you!
The hobgoblin hits you but does no damage.
The hobgoblin hits you but does no damage.
The hobgoblin attacks as it pursues you!
The hobgoblin hits you but does no damage.
The hobgoblin attacks as it pursues you!
The hobgoblin hits you but does no damage.
The hobgoblin attacks as it pursues you!
The hobgoblin hits you but does no damage.
The hobgoblin attacks as it pursues you!
The hobgoblin hits you.
You take 4 damage, and have 49/53 hp.
The hobgoblin attacks as it pursues you!
The hobgoblin hits you.
You take 1 damage, and have 48/53 hp.
Edmund mutters, "Who needs spells, anyway?"
The hobgoblin attacks as it pursues you!
The hobgoblin hits you but does no damage.
The hobgoblin attacks as it pursues you!
The hobgoblin hits you but does no damage.
The hobgoblin attacks as it pursues you!
The hobgoblin hits you but does no damage.
The hobgoblin attacks as it pursues you!
The hobgoblin hits you but does no damage.
Health restored: 53
There is a stone staircase leading up here.
Edmund says, "People will remember me!
They'll remember me and die!"
The hobgoblin hits you.
You climb upwards.
There is a stone staircase leading down here.
You slash the hobgoblin!
You kill the hobgoblin!
No target in view!
There is a stone staircase leading down here.
You climb downwards.
Level annotation: Edmund The adder hisses angrily.
There is a stone staircase leading up here.
Okay, then.
Throw: 6 boomerangs
Press: ? - help, Shift-Dir - straight line, f - adder
Aim: an adder (38% to hit)
You throw a boomerang. The boomerang closely misses the adder.
The adder bites you. The adder bites you but does no damage.
You take 1 damage, and have 52/53 hp.
You hit the adder.
The adder is lightly wounded.
The adder bites you but does no damage.
You miss the adder.
The adder is lightly wounded.
The adder bites you.
You are poisoned.
The adder poisons you!
You take 1 damage, and have 51/53 hp.
You barely miss the adder.
The adder is lightly wounded.
You feel sick.
The adder bites you but does no damage. x2
You take 2 damage, and have 49/53 hp.
You barely miss the adder.
The adder is lightly wounded.
You feel sick. The adder bites you but does no damage.
You take 1 damage, and have 48/53 hp.
You hit the adder but do no damage. Your headbutt misses the adder.
The adder is lightly wounded.
You feel sick. The adder bites you but does no damage. The adder bites you.
You take 1 damage, and have 47/53 hp.
You barely miss the adder.
The adder is lightly wounded.
You feel sick. The adder bites you but does no damage.
You take 1 damage, and have 46/53 hp.
You closely miss the adder.
The adder is lightly wounded.
You feel sick.
You are no longer poisoned.
The adder bites you but does no damage.
You take 1 damage, and have 45/53 hp.
You hit the adder. You headbutt the adder.
You kill the adder!
No target in view!
You start resting.
A gnoll comes into view. It is wielding a +0 club.
You regained 3 hp, and now have 48/53 hp.
The gnoll shouts!
There is a stone staircase leading up here.
A gnoll comes into view. It is wielding a +0 halberd.
The gnoll shouts!
You hear a shout!
You barely miss the gnoll. You hit the gnoll.
The gnoll is heavily wounded.
The gnoll hits you with a +0 club.
You take 2 damage, and have 49/53 hp.
You hit the gnoll.
The gnoll is almost dead.
The gnoll hits you but does no damage.
You closely miss the gnoll.
The gnoll is almost dead.
The gnoll hits you but does no damage.
You hit the gnoll but do no damage.
The gnoll is almost dead.
The gnoll hits you from afar with a +0 halberd.
The gnoll hits you but does no damage.
You hit the gnoll.
You kill the gnoll!
The gnoll hits you from afar with a +0 halberd.
Your Axes skill increases to level 5!
You take 3 damage, and have 46/53 hp.
The gnoll hits you with a +0 halberd!
You take 11 damage, and have 35/53 hp.
MASSIVE DAMAGE!!
You closely miss the gnoll. The gnoll completely misses you.
You slash the gnoll! Your punch misses the gnoll.
The gnoll is severely wounded.
A gnoll comes into view. It is wielding a +0 whip.
The gnoll hits you but does no damage. The gnoll hits you but does no damage.
There is a stone staircase leading up here.
The gnoll shouts!
The gnoll hits you with a +0 halberd!
You take 7 damage, and have 29/53 hp.
You barely miss the gnoll. Your headbutt misses the gnoll.
The gnoll is severely wounded.
The gnoll hits you with a +0 halberd.
You take 4 damage, and have 25/53 hp.
The gnoll hits you from afar with a +0 halberd.
There is a stone staircase leading up here.
You take 5 damage, and have 20/53 hp.
The gnoll hits you from afar with a +0 halberd.
You climb upwards.
There is a stone staircase leading down here.
You start resting.
You start resting.
HP restored.
Health restored: 53 You climb downwards.
Level annotation: Edmund The gnoll hits you but does no damage.
There is a stone staircase leading up here.
The gnoll hits you with a +0 whip.
You climb upwards.
There is a stone staircase leading down here.
You take 2 damage, and have 51/53 hp.
You slash the gnoll!
The gnoll is heavily wounded.
The gnoll hits you with a +0 whip.
You take 6 damage, and have 45/53 hp.
You barely miss the gnoll. You headbutt the gnoll.
You kill the gnoll!
No target in view!
You start resting.
HP restored.
Health restored: 53 You climb downwards.
Level annotation: Edmund
There is a stone staircase leading up here.
A scorpion and a ball python come into view.
The ball python hisses angrily.
Found a scroll labelled WUINOKK WUNWOKK.
The gnoll hits you with a +0 halberd!
You take 8 damage, and have 45/53 hp.
You hit the gnoll but do no damage. The gnoll hits you but does no damage.
The gnoll hits you with a +0 halberd!
You take 7 damage, and have 38/53 hp.
The gnoll hits you with a +0 halberd.
You take 2 damage, and have 36/53 hp.
You hit the ball python.
You kill the ball python!
You hit the gnoll. You closely miss the scorpion. The scorpion stings you.
The gnoll hits you with a +0 halberd!
You take 11 damage, and have 25/53 hp.
MASSIVE DAMAGE!!
The gnoll hits you from afar with a +0 halberd.
You take 1 damage, and have 24/53 hp.
The scorpion stings you.
You are poisoned.
The scorpion poisons you!
There is a stone staircase leading up here.
You take 4 damage, and have 21/53 hp.
You feel very sick.
The scorpion stings you but does no damage.
You climb upwards.
You feel very sick.
There is a stone staircase leading down, spattered with blood here.
You take 5 damage, and have 16/53 hp.
Throw: 11 darts (poison)
Press: ? - help, Shift-Dir - straight line, f - scorpion
Aim: a scorpion (57% to hit)
You throw a poisoned dart.
The poisoned dart barely misses the scorpion.
You feel sick.
The scorpion stings you but does no damage.
You take 2 damage, and have 14/53 hp.
Throw: 10 darts (poison)
Press: ? - help, Shift-Dir - straight line, f/p - scorpion
Aim: a scorpion (57% to hit)
You throw a poisoned dart.
The poisoned dart barely misses the scorpion.
You feel sick.
The scorpion stings you but does no damage.
You take 1 damage, and have 13/53 hp.
Throw: 9 darts (poison)
Press: ? - help, Shift-Dir - straight line, f/p - scorpion
Aim: a scorpion (57% to hit)
You throw a poisoned dart. The poisoned dart hits the scorpion.
The scorpion is poisoned.
You feel sick.
The scorpion stings you but does no damage.
Throw: 8 darts (poison)
Press: ? - help, Shift-Dir - straight line, f/p - scorpion
Aim: a scorpion (lightly wounded, poisoned, 57% to hit)
You throw a poisoned dart. The poisoned dart hits the scorpion.
The scorpion looks even sicker.
The scorpion is lightly wounded.
You feel sick.
The scorpion stings you but does no damage. x2
You take 1 damage, and have 12/53 hp.
You hit the scorpion. You headbutt the scorpion.
The scorpion is heavily wounded.
You feel sick.
The scorpion stings you but does no damage.
You take 1 damage, and have 11/53 hp.
You hit the scorpion.
You kill the scorpion!
You feel sick.
You take 1 damage, and have 10/53 hp.
You start resting.
You feel sick.
You are no longer poisoned.
You start resting.
You start resting.
HP restored.
Health restored: 53
q - 11 poisoned darts (gained 4)
You see here a +0 whip.
You start waiting.
You start waiting.
Done waiting.
There is a stone staircase leading down, spattered with blood here.
You climb downwards.
Level annotation: Edmund
There is a stone staircase leading up here.
A gnoll comes into view. It is wielding a +0 club.
The gnoll hits you from afar with a +0 halberd.
You take 2 damage, and have 51/53 hp.
Press: ? - help, v - describe, . - travel
Here: a gnoll, wielding a +0 club and quivering a throwing net (wandering, hasn't noticed you)
The floor.
Unknown command.
Unknown command.
The gnoll attacks as it pursues you! The gnoll hits you but does no damage.
There is a stone staircase leading up here.
The gnoll completely misses you.
There is a stone staircase leading up here.
Health restored: 53 The gnoll hits you with a +0 halberd.
You climb upwards.
There is a stone staircase leading down, spattered with blood here.
You take 5 damage, and have 48/53 hp.
You closely miss the gnoll. The gnoll hits you with a +0 halberd!
You take 9 damage, and have 39/53 hp.
You barely miss the gnoll. The gnoll hits you but does no damage.
You hit the gnoll.
The gnoll is lightly wounded.
The gnoll hits you but does no damage.
You hit the gnoll.
The gnoll is moderately wounded.
The gnoll hits you but does no damage.
You hit the gnoll. Your headbutt misses the gnoll.
The gnoll is severely wounded.
The gnoll hits you but does no damage.
You slash the gnoll!
You kill the gnoll!
You start resting.
You start resting.
HP restored.
Health restored: 53 You climb downwards.
Level annotation: Edmund
There is a stone staircase leading up here.
Found a stone staircase leading down.
The gnoll shouts!
The gnoll throws a throwing net.
The throwing net hits you.
You become entangled in the net!
You see here a throwing net.
You struggle against the net.
You struggle against the net.
You struggle against the net.
You struggle against the net.
The gnoll hits you but does no damage.
You shred the net and break free! The gnoll hits you but does no damage.
You slash the gnoll!
The gnoll is heavily wounded.
The gnoll hits you with a +0 club.
You take 3 damage, and have 50/53 hp.
You hit the gnoll.
The gnoll is almost dead.
The gnoll hits you but does no damage.
You hit the gnoll.
You kill the gnoll!
You now have 195 gold pieces (gained 12).
Things that are here:
a +0 club; a gnoll corpse
l - 2 scrolls labelled WUINOKK WUNWOKK (gained 1) HP restored.
There is an open door here.
You open the door.
Things that are here:
a +0 club; a gnoll skeleton
k - 2 bubbling green potions (gained 1) Key pressed, stopping explore.
q - 16 poisoned darts (gained 5) Health restored: 53 Unknown command.
There is an open door here.
Found a robe.
Found a stone staircase leading down.
t - an amethyst potion
There is an open door here.
A kobold comes into view. It is wielding a +0 short sword.
The kobold shouts!
A kobold is nearby!
A goblin comes into view. It is wielding a +0 dagger.
You closely miss the kobold.
You headbutt the kobold, but do no damage.
A hobgoblin comes into view.
The kobold hits you with a +0 short sword.
You take 2 damage, and have 51/53 hp.
You barely miss the goblin. You headbutt the goblin.
You kill the goblin!
You hit the kobold.
You kill the kobold!
You see here a +0 short sword.
Found 2 pink potions.
The hobgoblin hits you but does no damage.
You closely miss the hobgoblin.
The hobgoblin hits you but does no damage.
You slash the hobgoblin!
You kill the hobgoblin!
No target in view!
A jelly comes into view.
The jelly quivers.
Health restored: 53 A jelly is nearby!
Okay, then.
You see here a +0 dagger.
There is an open door here.
You close the door.
You hear a slurping noise.
The jelly eats the door!
There is a stone staircase leading up here.
You climb upwards.
There is a stone staircase leading down, spattered with blood here.
There is a stone staircase leading down here.
Okay, then.
You climb downwards.
Level annotation: Edmund Edmund shouts!
There is a stone staircase leading up here.
Okay, then.
Unknown command.
As you read the scroll labelled QIMULO BESUHYWK, it crumbles to dust.
Your body is wracked with pain!
Edmund convulses!
It was a scroll of torment.
Edmund hits you but does no damage.
You are poisoned.
You take 24 damage, and have 29/53 hp.
MASSIVE DAMAGE!!
Okay, then.
As you read the scroll labelled WUINOKK WUNWOKK, it crumbles to dust.
You feel aware of your surroundings.
It was a scroll of revelation.
You feel sick.
Edmund hits you with a +1 dire flail of venom!
* * * LOW HITPOINT WARNING * * *
You are lethally poisoned!
You take 14 damage, and have 15/53 hp.
MASSIVE DAMAGE!!
Unknown command.
It was a potion of might.
You feel very mighty all of a sudden.
* * * LOW HITPOINT WARNING * * *
You feel very sick.
Edmund hits you with a +1 dire flail of venom.
* * * LOW HITPOINT WARNING * * *
You are more poisoned.
You take 8 damage, and have 7/53 hp.
It was a potion of mutation.
You feel extremely strange.
You feel stronger.
You feel yourself wasting away.
You feel less encumbered by your armour.
* * * LOW HITPOINT WARNING * * *
You feel very sick.
Edmund hits you with a +1 dire flail of venom.
You die...
Edmund whines, "They better pay attention to me now!"

*,*,******** *.# ,,,,,,*
###########.### *,*,*,*
###########.###
,,,,*,***#####.......###
**,,,,,,,..###.......###
*,,,,,,,..###.......###
*,,,,,,,..###.......###
*****+***#####.......###
* *,* #####..@@...###
*****,* ###########.###
*,,,,,*
###########.#######
#.*****
###########.......# #.*
#################.#
#.#####**###############
#.#
......,,,###############
#@#
#....,,,,###############
#.# *...,,,,,* #.#


You could see Edmund.

Vanquished Creatures
  2 scorpions
  A hound (D:3)
  An orc priest (D:3)
  A sleepcap (D:3)
  2 adders
  8 gnolls
  4 worms
  2 dart slugs (D:1)
  5 orcs
  8 endoplasms
  3 giant cockroaches
  4 goblins
  9 hobgoblins
  4 jackals (D:3)
  4 quokkas
  8 ball pythons
  6 bats
  3 frilled lizards
  8 kobolds
  5 rats
88 creatures vanquished.

Notes
Turn   | Place    | Note
-------+----------+-------------------------------------------
     0 | D:1      | steven32 the Minotaur Hunter began the quest for the Orb.
     0 | D:1      | Reached XP level 1. HP: 18/18 MP: 0/0
    85 | D:1      | Reached XP level 2. HP: 25/25 MP: 1/1
   452 | D:1      | Reached skill level 5 in Ranged Weapons
   626 | D:1      | Reached XP level 3. HP: 31/31 MP: 2/2
  1019 | D:2      | Reached skill level 1 in Stealth
  1345 | D:3      | Reached XP level 4. HP: 32/38 MP: 3/3
  1758 | D:2      | Found a bloodstained altar of Trog.
  2137 | D:2      | Found a runed translucent door.
  2138 | D:2      | Noticed Crazy Yiuf
  2216 | D:3      | Found a faded altar of an unknown god.
  2335 | D:3      | Reached skill level 1 in Axes
  2740 | D:3      | Reached XP level 5. HP: 47/47 MP: 4/4
  4272 | D:4      | Reached XP level 6. HP: 40/53 MP: 5/5
  4367 | D:4      | Noticed Edmund
  4483 | D:4      | Reached skill level 5 in Axes
  5285 | D:4      | Gained mutation: Your muscles are strong. (Str +4, Int/Dex
                  | -1) [potion of mutation]
  5285 | D:4      | Gained mutation: Your body sometimes deteriorates upon
                  | taking damage. [potion of mutation]
  5285 | D:4      | Gained mutation: Your movements are slightly less
                  | encumbered by armour. (ER -2) [potion of mutation]
  5285 | D:4      | HP: 2/53 [poisoned by Edmund]
  5285 | D:4      | Slain by Edmund

Illustrated notes

Levels and vault maps discovered:
D:1:      minmay_arrival_four_circles, layout_basic, kennysheep_flooded_box
D:2:      layout_basic, basic_altar, minmay_octomino_e4, uniq_crazy_yiuf_cottage
D:3:      layout_rooms, ebering_ecumenical_altar_abandoned
D:4:      layout_basic, uniq_edmund, uniq_robin

Skill      XL: |  1  2  3  4  5  6 |
---------------+-------------------+-----
Fighting       | 3 4 |  4.5
Ranged Weapons | 5 |  5.5
Stealth        | 1 |  1.1
Axes           | 1 4 5 |  5.8
Dodging        | |  2.1

Action                     |  1- 3 |  4- 6 || total
---------------------------+-------+-------++-------
  Melee: Hand axe          |       |    59 ||    59
         Headbutt          |       |    10 ||    10
   Fire: Shortbow          |   148 |    86 ||   234
  Throw: Dart              |       |    19 ||    19
         Boomerang         |       |     1 ||     1
    Use: Scroll            |     1 |     6 ||     7
         Potion            |       |     2 ||     2
 Armour: Leather armour    |    21 |    34 ||    55
         Crystal plate arm |       |    90 ||    90
         Scale mail        |       |     4 ||     4
  Dodge: Dodged            |    22 |    30 ||    52

Table legend: (Time is in decaauts)
 A = Elapsed time spent in this place.
 B = Non-inter-level travel time spent in this place.
 C = Inter-level travel time spent in this place.
 D = Time resting spent in this place.
 E = Time spent auto-exploring this place.
 F = Levels seen in this place.
 G = Mean time per level.
                   A        B        C        D        E       F      G
               +--------+--------+--------+--------+--------+-----+--------+
         Total |   5340 |   4729 |    611 |   1447 |   2244 |   4 | 1335.0 |
       Dungeon |   5340 |   4729 |    611 |   1447 |   2244 |   4 | 1335.0 |
               +--------+--------+--------+--------+--------+-----+--------+

Top non-repeatable levels by time:
     D:3: 2283 daAuts
     D:2: 1436 daAuts
     D:1: 869 daAuts
     D:4: 751 daAuts
